 Dungeon Crawl Stone Soup version 0.22-a0-460-g49b1da7 (webtiles) character file.

11899 Gildeon the Cleaver (level 11, -4/142 HPs)
             Began as a Minotaur Fighter on June 9, 2018.
             Was an Elder of Okawaru.
             Slain by a komodo dragon (11 damage)
             ... on level 1 of the Lair of Beasts.
             The game lasted 00:49:05 (7561 turns).

Gildeon the Cleaver (Minotaur Fighter)              Turns: 7561, Time: 00:49:05

Health: -4/142     AC: 32    Str: 21    XL:     11   Next: 55%
Magic:  11/11      EV:  2    Int:  6    God:    Okawaru [****..]
Gold:   641        SH: 11    Dex: 12    Spells: 11/12 levels left

rFire    x . .     SeeInvis .   y - +2 flail (protect)
rCold    + . .     Gourm    .   c - +0 shield
rNeg     + + +     Faith    .   (armour currently unavailable)
rPois    +         Spirit   .   (helmet currently unavailable)
rElec    .         Reflect  .   (cloak currently unavailable)
rCorr    .         Harm     .   (gloves currently unavailable)
MR       .....     NoTele   +   (boots currently unavailable)
Stlth    +.........             e - amulet of the acrobat
HPRegen  0.33/turn              g - ring of ice
MPRegen  0.12/turn              j - ring of positive energy

@: tree-form, protection aura
A: (retaliatory headbutt)
a: Heroism, Renounce Religion


You were on level 1 of the Lair of Beasts.
You worshipped Okawaru.
Okawaru was greatly pleased with you.
You were not hungry.
You were a tree.
You visited 3 branches of the dungeon, and saw 13 of its levels.
You also visited: Sewer.

You collected 641 gold pieces.

Inventory:

Hand Weapons
 a - a +2 war axe
 d - a +4 hand axe
 w - a +3 hand axe
 y - a +2 flail of protection (weapon)
Armour
 c - a +0 shield (worn)
 m - a +0 pair of boots (melded)
 o - a +0 plate armour (melded)
 t - a +1 cloak (melded)
Jewellery
 e - an amulet of the acrobat (around neck)
 g - a ring of ice (left branch)
 j - a ring of positive energy (right branch)
Wands
 B - a wand of iceblast (3)
Scrolls
 q - 2 scrolls of teleportation
Potions
 b - a potion of haste
 h - a potion of degeneration {unknown}
 k - a potion of invisibility {unknown}
 l - 7 potions of flight
 n - a potion of mutation {unknown}
 u - 3 potions of brilliance {unknown}
 v - a potion of magic {unknown}
 z - a potion of cancellation {unknown}
Comestibles
 f - 24 rations


   Skills:
 + Level 8.8 Fighting
 * Level 14.8 Axes
 + Level 8.5 Armour
 + Level 7.0 Dodging
 + Level 8.7 Shields
 - Level 1.0 Spellcasting
 - Level 1.0 Charms
 + Level 2.1 Invocations
 - Level 2.0 Evocations


You had 11 spell levels left.
You knew the following spells:

 Your Spells              Type           Power        Failure   Level  Hunger
a - Infusion              Chrm           #...         54%         1    ##.....

Your spell library contained the following spells:

 Spells                   Type           Power        Failure   Level  Hunger
 Magic Dart               Conj           #...         69%         1    ##.....
 Conjure Flame            Conj/Fire      #.......     96%         3    ####...
 Slow                     Hex            #.......     83%         2    ###....
 Mephitic Cloud           Conj/Pois/Air  #.......     96%         3    ####...
 Blink                    Tloc           N/A          83%         2    ###....
 Iskenderun's Mystic Bla  Conj           #.......     100%        4    #####..
 Call Imp                 Summ           #.......     83%         2    ###....
 Regeneration             Chrm/Necr      #.........   94%         3    ####...
 Shroud of Golubria       Chrm/Tloc      #.........   77%         2    ###....
 Fulminant Prism          Conj/Hex       #.........   100%        4    #####..
 Dazzling Spray           Conj/Hex       #.....       96%         3    ####...
 Force Lance              Conj/Tloc      #.......     100%        4    #####..
 Song of Slaying          Chrm           #.......     69%         2    ###....
 Spectral Weapon          Hex/Chrm       #.......     94%         3    ####...
 Searing Ray              Conj           #.....       83%         2    ###....


Dungeon Overview and Level Annotations

Branches:
Dungeon (11/15)            Temple (1/1) D:7            Lair (1/6) D:9
    Orc: D:9-12

Altars:
Ashenzari
Cheibriados
Dithmenos
Elyvilon
Fedhas
Gozag
Hepliaklqana
Kikubaaqudgha
Makhleb
Nemelex Xobeh
Okawaru
Qazlal
Ru
Sif Muna
Trog
Uskayaw
Vehumet
Wu Jian
Xom
Yredelemnul
Zin
The Shining One

Annotations:
Lair:1 Grum


Innate Abilities, Weirdness & Mutations

((You reflexively headbutt those who attack you in melee.))
((You have a pair of horns on your head.))


Message History

The komodo dragon bites you but does no damage.
Unknown command.
You hit the komodo dragon.
You headbutt the komodo dragon, but do no damage.
The komodo dragon is heavily wounded.
You block the komodo dragon's attack.
You barely miss the komodo dragon.
The komodo dragon is heavily wounded.
The komodo dragon closely misses you. You furiously retaliate!
You headbutt the komodo dragon! You hit the komodo dragon.
You headbutt the komodo dragon, but do no damage.
The komodo dragon is severely wounded.
The komodo dragon bites you!
* * * LOW HITPOINT WARNING * * *
You turn into a tree.
Your +1 cloak melds into your body.
Your +0 pair of boots melds into your body.
Your +0 plate armour melds into your body.
Your roots penetrate the ground.
The komodo dragon bites you!
You die...

*,,,,,,,................(......
**,,,,,,................####..#
*,,*,**,.#.............# #..#
*,,******#.............## #..#
*,,** #(.............# #..#
*,,,* ***#.............##*#...
*,,***#.##.............#**....
*,,,,,..................,,....
*,>,,,.......♣l.........,,,,,,
*,,***###..............##*,,,,
**,,* ##.............#***,,,
*,,,* #..............* *,,,
**,,*** #.............** *,,,
*,,*,****#$..........,,* *,,,
*,,,,,,,,............,,****,,,
*,,,,,,,.............,,,,,,,,,
#..................,,,,,,,,,,,


You could see a komodo dragon.

Vanquished Creatures
  A hydra (Lair:1)
  A two-headed ogre (D:8)
  Nergalle (D:11)
  Maurice (D:8)
  Joseph (D:9)
  A torpor snail (Lair:1)
  A spiny frog (Lair:1)
  A rime drake (Lair:1)
  A troll (D:9)
  Grinder (D:6)
  5 hippogriffs
  3 blink frogs (Lair:1)
  Sigmund (D:6)
  A yak (D:7)
  3 wyverns (D:9)
  3 hogs (D:7)
  A human (D:7)
  Eustachio (D:5)
  A hungry ghost (D:9)
  A water moccasin (Lair:1)
  Purgy (Sewer)
  A porcupine (Lair:1)
  A swamp drake (D:9)
  4 orc warriors
  4 sky beasts
  A black bear (D:8)
  An ice beast (D:5)
  3 ogres
  A phantom (D:7)
  3 wolves (Lair:1)
  3 centaurs
  2 crocodiles
  A big kobold (D:7)
  6 bullfrogs
  A water moccasin skeleton (D:6)
  7 scorpions
  A howler monkey (D:5)
  4 crimson imps
  A centaur zombie (D:5)
  3 jellies
  2 quasits
  7 orc priests
  3 bullfrog skeletons
  5 hounds
  A centaur skeleton (D:7)
  3 iguanas
  4 orc wizards
  21 worker ants
  3 hound skeletons
  A worker ant zombie (D:8)
  Robin (D:3)
  6 gnolls
  A howler monkey skeleton (D:4)
  17 adders
  2 shadow imps
  An ooze (D:5)
  2 worms
  An adder skeleton (D:9)
  A dart slug (D:1)
  10 leopard geckos
  30 orcs
  7 bats
  10 giant cockroaches
  17 goblins
  8 hobgoblins
  11 jackals
  8 kobolds
  5 quokkas
  4 ball pythons
  12 frilled lizards
  A jackal skeleton (D:6)
  A leopard gecko zombie (D:6)
  A quokka zombie (D:5)
  4 rats
290 creatures vanquished.

Notes
Turn   | Place    | Note
-------+----------+-------------------------------------------
     0 | D:1      | Gildeon the Minotaur Fighter began the quest for the Orb.
     0 | D:1      | Reached XP level 1. HP: 19/19 MP: 0/0
   281 | D:1      | Reached XP level 2. HP: 27/27 MP: 1/1
   293 | D:1      | Reached skill level 11 in Axes
   293 | D:1      | Reached XP level 3. HP: 33/33 MP: 2/2
   776 | D:2      | Reached XP level 4. HP: 37/40 MP: 3/3
  1356 | D:3      | Noticed Robin
  1367 | D:3      | Killed Robin
  1367 | D:3      | Reached skill level 1 in Dodging
  1431 | D:3      | Reached XP level 5. HP: 45/46 MP: 4/4
  1496 | D:3      | Found an opulent altar of Gozag.
  1496 | D:3      | Found a deep blue altar of Sif Muna.
  1816 | D:4      | Found a glowing drain.
  1860 | Sewer    | Entered a sewer
  2055 | Sewer    | Noticed Purgy
  2061 | Sewer    | Killed Purgy
  2061 | Sewer    | Reached XP level 6. HP: 52/52 MP: 5/5
  2292 | D:4      | Reached XP level 7. HP: 38/60 MP: 6/6
  2544 | D:4      | Found a snail-covered altar of Cheibriados.
  2882 | D:5      | Entered Level 5 of the Dungeon
  2997 | D:5      | Reached skill level 5 in Fighting
  3026 | D:5      | Found a glowing golden altar of the Shining One.
  3026 | D:5      | Found a blossoming altar of Fedhas.
  3026 | D:5      | Found a bloodstained altar of Trog.
  3026 | D:5      | Found a shattered altar of Ashenzari.
  3053 | D:5      | Reached skill level 12 in Axes
  3053 | D:5      | Reached skill level 5 in Armour
  3053 | D:5      | Reached skill level 5 in Shields
  3064 | D:5      | Found a shadowy altar of Dithmenos.
  3082 | D:5      | Reached XP level 8. HP: 64/68 MP: 7/7
  3230 | D:5      | Noticed Eustachio
  3241 | D:5      | Killed Eustachio
  3477 | D:6      | Reached skill level 1 in Evocations
  3687 | D:6      | Found a radiant altar of Vehumet.
  3742 | D:6      | Noticed Sigmund
  3754 | D:6      | Killed Sigmund
  3951 | D:6      | Reached XP level 9. HP: 75/75 MP: 8/8
  4021 | D:6      | Noticed Grinder
  4031 | D:6      | Killed Grinder
  4221 | D:7      | Reached skill level 1 in Spellcasting
  4336 | D:7      | Found a hide-covered altar of Uskayaw.
  4357 | D:7      | Reached skill level 13 in Axes
  4672 | D:7      | Reached skill level 5 in Dodging
  4708 | D:7      | Found a runed door.
  4753 | D:7      | Found a runed door.
  4776 | D:7      | Reached XP level 10. HP: 71/84 MP: 10/10
  5062 | D:7      | Found a staircase to the Ecumenical Temple.
  5072 | Temple   | Entered the Ecumenical Temple
  5218 | Temple   | Became a worshipper of Warmaster Okawaru
  5315 | D:8      | Identified a scroll of acquirement
  5322 | D:8      | Noticed Maurice
  5347 | D:8      | Killed Maurice
  5354 | D:8      | Noticed a two-headed ogre
  5361 | D:8      | Killed a two-headed ogre
  5361 | D:8      | Reached skill level 1 in Invocations
  5377 | D:8      | Reached * piety under Okawaru
  5747 | D:8      | You fall through a shaft for 3 floors!
  5778 | D:11     | Noticed Nergalle
  5810 | D:11     | Killed Nergalle
  5810 | D:11     | Reached ** piety under Okawaru
  5810 | D:11     | Reached skill level 14 in Axes
  6033 | D:10     | Entered Level 10 of the Dungeon
  6449 | D:9      | Reached XP level 11. HP: 92/94 MP: 11/11
  6628 | D:9      | Learned a level 1 spell: Infusion
  6738 | D:9      | Noticed a two-headed ogre
  6749 | D:9      | Reached *** piety under Okawaru
  6769 | D:9      | Noticed Joseph
  6783 | D:9      | Killed Joseph
  6940 | D:9      | Found a staircase to the Lair.
  7267 | Lair:1   | Entered Level 1 of the Lair of Beasts
  7297 | Lair:1   | Noticed Grum
  7303 | Lair:1   | Noticed a seven-headed hydra
  7318 | Lair:1   | Noticed a six-headed hydra
  7319 | Lair:1   | Reached skill level 1 in Charms
  7380 | Lair:1   | Killed a six-headed hydra
  7380 | Lair:1   | Reached **** piety under Okawaru
  7403 | Lair:1   | HP: 3/95 [blink frog (9)]
  7540 | Lair:1   | Noticed a seven-headed hydra
  7561 | Lair:1   | Slain by a komodo dragon

Vault maps used:
D:1:      minmay_arrival_four_houses
D:2:      grunt_ministairs_1
D:3:      grunt_temple_overflow_open, uniq_robin
D:4:      cheibriados_altar_1, gup_sewer_entry_glass, minmay_misc_feat_roman
D:5:      chequers_temple_overflow_statue_of_worship,
          nicolae_dithmenos_the_darkroom, first_ration, uniq_eustachio
D:6:      lemuel_round_altar, uniq_sigmund, uniq_grinder
D:7:      lemuel_insect_pit, kennysheep_little_box,
          minmay_temple_entry_nine_rooms, grunt_livestock
D:8:      uniq_maurice
D:9:      erik_lair_dragon, uniq_joseph
D:11:     gammafunk_corrupted_shrine, lemuel_blue_sif_altar, uniq_nergalle,
          uniq_psyche
Temple:   hc_temple_tempest_star
Lair:1:   kennysheep_snail_temple, uniq_grum, uniq_harold
Sewer:    sewer_co_purgy_island

Skill      XL: |  1  2  3  4  5  6  7  8  9 10 11 |
---------------+----------------------------------+-----
Axes           | 11 12 13 14 | 14.8
Fighting       | 4 5 6 8 |  8.8
Dodging        | 1 2 3 4 5 6 7 |  7.0
Shields        | 4 5 6 7 8 |  8.7
Armour         | 4 5 6 7 8 |  8.5
Evocations     | 1 2 |  2.0
Spellcasting   | 1 |  1.0
Invocations    | 2 |  2.1
Charms         | 1 |  1.0

Action                   |  1- 3 |  4- 6 |  7- 9 | 10-12 || total
-------------------------+-------+-------+-------+-------++-------
Melee: War axe           |    50 |   136 |   287 |   233 ||   706
       Headbutt          |     6 |    23 |    56 |    47 ||   132
       Flail             |       |       |       |    57 ||    57
Evoke: Wand              |       |       |    14 |    65 ||    79
  Use: Scroll            |     3 |     5 |     8 |     9 ||    25
       Potion            |     1 |     1 |     2 |    11 ||    15
 Stab: Paralysed         |       |       |    19 |       ||    19
  Eat: Chunk             |       |     5 |     8 |     9 ||    22
Armor: Chain mail        |    17 |    50 |       |       ||    67
       Scale mail        |     1 |       |       |       ||     1
       Plate armour      |       |    14 |   108 |   151 ||   273
       Skin              |       |       |     7 |    24 ||    31
Dodge: Dodged            |     4 |    50 |    54 |   144 ||   252
Block: Shield            |    32 |    73 |   104 |   203 ||   412

Table legend:
 A = Spawn XP
 B = Non-spawn XP
 C = Spawn XP percentage of total XP
 D = Spawn monster count
 E = Non-spawn monster count
 F = Spawn count percentage of total count
 G = Total turns spent on level
                    A         B        C        D         E        F      G
               +---------+---------+-------+---------+---------+-------+---------
         Total |       0 |   16970 |   0.0 |       0 |     290 |   0.0 |  7561
               +---------+---------+-------+---------+---------+-------+---------
           D:1 |       0 |      24 |   0.0 |       0 |      12 |   0.0 |   621
           D:2 |       0 |      64 |   0.0 |       0 |      22 |   0.0 |   667
           D:3 |       0 |     110 |   0.0 |       0 |      34 |   0.0 |   473
           D:4 |       0 |     596 |   0.0 |       0 |      27 |   0.0 |   769
           D:5 |       0 |     892 |   0.0 |       0 |      24 |   0.0 |   587
           D:6 |       0 |    1500 |   0.0 |       0 |      25 |   0.0 |   701
           D:7 |       0 |    2369 |   0.0 |       0 |      44 |   0.0 |   970
           D:8 |       0 |    2523 |   0.0 |       0 |      27 |   0.0 |   514
           D:9 |       0 |    3568 |   0.0 |       0 |      43 |   0.0 |  1131
          D:10 |       0 |       3 |   0.0 |       0 |       1 |   0.0 |    22
          D:11 |       0 |    1459 |   0.0 |       0 |      11 |   0.0 |   286
        Lair:1 |       0 |    3711 |   0.0 |       0 |      13 |   0.0 |   294
         Sewer |       0 |     151 |   0.0 |       0 |       7 |   0.0 |   352
               +---------+---------+-------+---------+---------+-------+---------
